AoeStats
← Lakafant

Arena

504846415Analyzed
4v4 RM · 26d ago on Sep 6, 2026· 51m 52s· 8 players
Game mode
Random Map
Map size
Large (8 player)
Population
200
Speed
Normal
Resources
Standard
Victory
Conquest
Starting age
Dark Age
Ending age
Imperial Age
RankedLock teamsTeams togetherTeam positionsShared explorationLock speedFull tech treeHidden civsTurbo modeCheats
Victory
Defeat
1177
+14
🇨🇳 Turks · China
1169
+15
🇮🇳 Burgundians · India
1158
+15
🇹🇼 Britons · Taiwan
1116
+18
🇵🇪 Celts · Peru
1165
-16
🇲🇽 Hindustanis · Mexico
1154
-16
🇺🇸 Mapuche · United States
1150
-16
🇳🇴 Vikings · Norway
1102
-14
Lakafant
0:31 Loom
10:41 Feudal Age
11:32 Double-Bit Axe
18:19 Castle Age
17:37 Horse Collar
17:56 Gold Mining
18:00 Stone Mining
19:29 Bow Saw
19:26 Town Watch
21:09 Elite Skirmisher
22:32 Pikeman
26:53 Heavy Plow
28:08 Gold Shaft Mining
28:13 Town Patrol
29:46 Squires
29:32 Arson
29:49 Chieftains
29:53 Scale Mail Armor
30:04 Forging
29:47 Fletching
29:57 Padded Archer Armor
31:18 Ballistics
31:53 Bodkin Arrow
32:33 Iron Casting
35:33 Imperial Age
34:24 Chain Mail Armor
36:15 Murder Holes
36:31 Fortified Wall
37:22 Chemistry
35:53 Elite Berserk
36:11 Capped Ram
37:40 Bracer
37:57 Leather Archer Armor
38:08 Conscription
40:30 Plate Mail Armor
41:01 Blast Furnace
41:51 Ring Archer Armor
43:36 Siege Ram
43:46 Cavalier
48:48 Scale Barding Armor
Squatch360
2:57 Loom
10:03 Feudal Age
10:31 Double-Bit Axe
11:48 Wheelbarrow
13:57 Horse Collar
18:29 Castle Age
17:24 Fletching
18:40 Elite Skirmisher
19:34 Bow Saw
21:40 Pikeman
23:48 Masonry
23:59 Ballistics
26:34 Hand Cart
27:37 Bodkin Arrow
27:43 Padded Archer Armor
32:54 Imperial Age
31:36 Leather Archer Armor
31:29 Treadmill Crane
33:03 Heavy Plow
33:43 Scale Mail Armor
34:56 Chain Mail Armor
34:19 Halberdier
36:12 Architecture
36:38 Elite Bolas Rider
37:41 Conscription
38:39 Ring Archer Armor
38:20 Forging
38:20 Champi Runner
39:55 Arson
40:44 Plate Mail Armor
42:16 Siege Engineers
43:43 Iron Casting
46:17 Crop Rotation
47:53 Murder Holes
48:59 Chemistry
49:28 Blast Furnace
adrazduarte
11:54 Feudal Age
15:36 Castle Age
13:37 Double-Bit Axe
15:56 Loom
17:10 Bow Saw
24:49 Wheelbarrow
27:52 Squires
30:23 Imperial Age
28:40 Scale Mail Armor
29:12 Forging
29:48 Chain Mail Armor
31:28 Iron Casting
32:47 Elite Ghulam
34:05 Conscription
35:12 Scale Barding Armor
34:54 Heavy Camel Rider
35:45 Bloodlines
35:37 Husbandry
36:38 Blast Furnace
37:46 Chain Barding Armor
38:46 Chemistry
41:39 Plate Barding Armor
41:00 Light Cavalry
44:12 Horse Collar
44:55 Elite Skirmisher
45:27 Fletching
46:37 Bodkin Arrow
46:43 Imperial Camel Rider
48:07 Gold Mining
49:38 Two-Man Saw
48:40 Heavy Plow
48:56 Bracer
50:35 Padded Archer Armor
50:52 Hussar
Kmioncito322
9:48 Feudal Age
11:32 Double-Bit Axe
12:09 Horse Collar
18:56 Castle Age
17:45 Gold Mining
19:27 Wheelbarrow
19:19 Forging
19:30 Stone Mining
20:22 Bow Saw
20:20 Heavy Plow
21:47 Gold Shaft Mining
21:26 Arson
21:27 Gambesons
22:47 Hand Cart
23:16 Iron Casting
23:17 Scale Mail Armor
26:40 Loom
31:30 Imperial Age
29:41 Chain Mail Armor
31:44 Onager
33:02 Siege Engineers
33:58 Chemistry
33:20 Ballistics
34:59 Plate Mail Armor
34:18 Gambesons
33:54 Pikeman
35:11 Halberdier
36:52 Conscription
38:37 Blast Furnace
gob b
7:15 Double-Bit Axe
7:18 Horse Collar
12:02 Feudal Age
15:46 Castle Age
13:53 Gold Mining
14:24 Forging
15:10 Scale Barding Armor
15:48 Bow Saw
21:33 Wheelbarrow
24:57 Two-Man Saw
25:02 Heavy Plow
29:57 Imperial Age
27:15 Loom
27:48 Hand Cart
27:53 Cavalier
29:12 Iron Casting
28:57 Chain Barding Armor
29:20 Husbandry
30:59 Crop Rotation
30:15 Paladin
33:24 Blast Furnace
33:00 Plate Barding Armor
36:17 Padded Archer Armor
37:19 Conscription
37:05 Burgundian Vineyards
41:12 Chemistry
40:33 Ballistics
41:09 Fletching
41:35 Leather Archer Armor
41:58 Town Watch
45:20 Light Cavalry
51:29 Hussar
HuNTeR <3<3<3 Chipdi
0:27 Loom
12:24 Feudal Age
17:30 Castle Age
15:32 Double-Bit Axe
16:03 Horse Collar
22:33 Wheelbarrow
26:35 Imperial Age
24:13 Gold Mining
24:28 Stone Mining
25:00 Heavy Plow
26:34 Hand Cart
26:14 Elite Skirmisher
27:47 Ballistics
28:49 Thumb Ring
29:30 Crossbowman
30:19 Pikeman
32:41 Arbalester
33:37 Murder Holes
33:23 Treadmill Crane
34:45 Crop Rotation
34:08 Fletching
34:18 Padded Archer Armor
34:58 Bow Saw
35:49 Gold Shaft Mining
35:49 Stone Shaft Mining
36:28 Bodkin Arrow
36:48 Leather Archer Armor
38:00 Chemistry
39:00 Two-Man Saw
38:41 Ring Archer Armor
38:24 Forging
38:14 Scale Mail Armor
38:49 Bracer
41:07 Scale Barding Armor
41:18 Chain Mail Armor
41:38 Iron Casting
47:08 Chain Barding Armor
47:19 Plate Mail Armor
48:47 Arson
49:03 Squires
49:42 Plate Barding Armor
48:34 Halberdier
50:21 Conscription
50:13 Logistica
52:24 Caravan
Jason
7:32 Loom
10:21 Feudal Age
12:01 Wheelbarrow
11:13 Double-Bit Axe
12:04 Horse Collar
19:52 Castle Age
19:33 Gold Mining
19:34 Stone Mining
21:28 Hand Cart
21:32 Bow Saw
26:42 Heavy Plow
30:58 Imperial Age
28:14 Town Watch
29:12 Ballistics
29:03 Masonry
29:04 Fortified Wall
28:39 Crossbowman
30:12 Fletching
30:23 Padded Archer Armor
32:45 Chemistry
32:17 Architecture
31:47 Heavy Scorpion
36:16 Arbalester
36:58 Bodkin Arrow
37:19 Leather Archer Armor
43:19 Siege Engineers
42:59 Capped Ram
逆天小肥猪
10:50 Feudal Age
15:07 Castle Age
13:41 Horse Collar
16:37 Wheelbarrow
17:13 Heavy Plow
20:25 Double-Bit Axe
21:58 Bow Saw
21:59 Stone Mining
25:12 Gold Mining
25:59 Loom
28:10 Hand Cart
33:04 Imperial Age
31:16 Padded Archer Armor
31:06 Fletching
31:54 Gold Shaft Mining
32:31 Leather Archer Armor
33:50 Bodkin Arrow
34:25 Ring Archer Armor
34:10 Artillery
34:49 Bombard Tower
34:49 Ballistics
35:02 Conscription
35:46 Two-Man Saw
36:16 Masonry
35:47 Treadmill Crane
36:11 Bracer
36:17 Scale Barding Armor
36:22 Forging
37:36 Guilds
37:16 Town Watch
38:47 Chain Barding Armor
38:03 Elite Janissary
40:58 Plate Barding Armor
40:58 Iron Casting
43:44 Husbandry
46:43 Bloodlines
Connection lost

Rejoining the realm…

Still unreachable

The connection could not be restored.

Session expired

The server has moved on; the page needs a fresh start.